 Dungeon Crawl Stone Soup version 0.28.0-53-g5a82cb258f (console) character file.

Game seed: 6859505918631147631

21118 Banquo the Spear-Bearer (level 12, -1/76 HPs)
             Began as a Gargoyle Fighter on July 31, 2022.
             Was an Elder of Wu Jian.
             Slain by an eight-headed hydra (12 damage)
             ... on level 3 of the Lair of Beasts on Aug 1, 2022.
             The game lasted 01:04:29 (16126 turns).

Banquo the Spear-Bearer (Gargoyle Fighter)         Turns: 16126, Time: 01:04:30

Health: -1/76      AC: 32    Str: 19    XL:     12   Next: 86%
Magic:  12/12      EV:  6    Int: 11    God:    Wu Jian [****..]
Gold:   856        SH: 10    Dex: 13    Spells: 11/11 levels left

rFire   + . .      SeeInvis +   b - +7 spear {vorpal, Will++ Stlth+}
rCold   . . .      Faith    .   i - +0 kite shield of Servitude {Drain +Blink Will+ Stlth+}
rNeg    + . .      Spirit   .   d - +0 plate armour
rPois   ∞          Reflect  .   h - +0 helmet {SInv}
rElec   +          Harm     .   e - +0 cloak
rCorr   .          Rampage  .   (no gloves)
Will    +++..                   f - +1 pair of boots
Stlth   ..........              (no amulet)
HPRegen 0.22/turn               F - ring of protection from fire
MPRegen 0.13/turn               A - +4 ring of protection

@: studying Short Blades
A: sickness immunity, AC +8, negative energy resistance 1, electricity
resistance, torment resistance 1, petrification resistance
a: Renounce Religion, Evoke Blink, Wall Jump, Serpent's Lash


You were on level 3 of the Lair of Beasts.
You worshipped Wu Jian.
Wu Jian was greatly pleased with you.
You visited 3 branches of the dungeon, and saw 14 of its levels.
You also visited: Ossuary and Volcano.

You collected 1279 gold pieces.
You spent 423 gold pieces at shops.

Inventory:

Hand Weapons
 a - a +1 war axe of freezing
 b - the +7 spear "Diysur" (weapon) {vorpal, Will++ Stlth+}
   (You found it on level 5 of the Dungeon)

   It inflicts extra damage upon your enemies.
   Will:      It greatly increases your willpower.
   Stlth:     It makes you more stealthy.
 x - a +1 hunting sling of freezing
 M - the +7 trident "Xicuod Feocw" {vorpal, rF- rC+ rN+ rCorr}
   (You found it on level 8 of the Dungeon)

   It inflicts extra damage upon your enemies.
   rF:        It makes you vulnerable to fire.
   rC:        It protects you from cold.
   rN:        It protects you from negative energy.
   rCorr:     It protects you from acid and corrosion.
Missiles
 q - 2 boomerangs
 r - 6 javelins
 z - 65 sling bullets
 I - 447 stones (quivered)
 N - 4 curare-tipped darts
Armour
 d - a +0 plate armour (worn)
 e - a +0 cloak (worn)
 f - a +1 pair of boots (worn)
 h - a +0 helmet of see invisible (worn)
 i - the +0 kite shield of Servitude (worn) {Drain +Blink Will+ Stlth+}
   (You bought it in a shop on level 6 of the Dungeon)

   +Blink:    It lets you blink.
   Drain:     It drains your maximum health when unequipped.
   Will:      It increases your willpower.
   Stlth:     It makes you more stealthy.
 Q - a +2 leather armour of cold resistance
Jewellery
 A - a +4 ring of protection (right hand)
 F - a ring of protection from fire (left hand)
 H - a ring of positive energy
 O - the ring "Xiuckiv" {Fire rPois Will+}
   (You bought it in a shop on level 6 of the Dungeon)

   [ring of fire]

   It enhances your fire magic.
   rF:        It protects you from fire.
   rC:        It makes you vulnerable to cold.
   rPois:     It protects you from poison.
   Will:      It increases your willpower.
Wands
 n - a wand of flame (27)
 D - a wand of digging (5)
Scrolls
 j - 7 scrolls of blinking
 k - 7 scrolls of teleportation
 u - a scroll of fear
 C - a scroll of silence
 J - a scroll of fog
Potions
 c - a potion of might
 l - a potion of heal wounds
 m - 2 potions of invisibility {unknown}
 o - 3 potions of magic
 v - 6 potions of cancellation
 K - 5 potions of curing
 L - 3 potions of brilliance
 R - a potion of ambrosia {unknown}


   Skills:
 * Level 9.5 Fighting
 - Level 8.6(11.0) Axes
 * Level 10.9(12.1) Polearms
 * Level 10.3 Armour
 * Level 4.2 Dodging
 * Level 8.7 Shields


You had 11 spell levels left.
You didn't know any spells.
Your spell library contained the following spells:

 Spells                   Type           Power      Damage    Failure   Level
 Ensorcelled Hibernation  Hex/Ice        0%         N/A       100%        2
 Passwall                 Tmut/Erth      0%         N/A       100%        2
 Static Discharge         Conj/Air       0%         N/A       100%        2
 Inner Flame              Hex/Fire       0%         N/A       100%        3
 Summon Guardian Golem    Hex/Summ       0%         N/A       100%        3
 Swiftness                Air            0%         N/A       100%        3
 Cause Fear               Hex            0%         N/A       100%        4
 Dispel Undead            Necr           0%         3d6       100%        4
 Sticky Flame             Conj/Fire      0%         2d3       100%        4
 Fireball                 Conj/Fire      0%         3d3       100%        5
 Lightning Bolt           Conj/Air       0%         1d11      100%        5
 Starburst                Conj/Fire      0%         6d3       100%        6
 Orb of Destruction       Conj           0%         9d5       100%        7
 Spellforged Servitor     Conj/Summ      0%         N/A       100%        7
 Discord                  Hex            0%         N/A       100%        8
 Ignition                 Fire           0%         3d3       100%        8
 Maxwell's Capacitive Co  Air            0%         ∞         100%        8


Dungeon Overview and Level Annotations

Branches:
Dungeon (9/15)             Temple (1/1) D:6            Lair (4/6) D:9
 Spider (0/4) Lair:3      Ossuary (visited)         Volcano (visited)
  Swamp: Lair:2-4    Shoals: Lair:2-4       Orc: D:9-12

Altars:
Ashenzari
Cheibriados
Dithmenos
Elyvilon
Fedhas
Gozag
Hepliaklqana
Kikubaaqudgha
Makhleb
Nemelex Xobeh
Okawaru
Qazlal
Ru
Sif Muna
Trog
Uskayaw
Vehumet
Wu Jian
Xom
Yredelemnul
Zin
The Shining One

Shops:
D:6 [**!

Annotations:
D:8 exclusion: ice statue
Lair:1 Gastronok


Innate Abilities, Weirdness & Mutations

You are immune to sickness and miasma.
Your stone body is resilient. (AC +8)
You are immune to poison.
You resist negative energy. (rN+)
You are resistant to electric shocks. (rElec)
You are resistant to unholy torment.
You are immune to petrification.


Message History

The eight-headed hydra bites you!
The eight-headed hydra barely misses you.
Unknown command.
You puncture the eight-headed hydra!
The eight-headed hydra is heavily wounded.
Unknown command.
You hit the eight-headed hydra.
The eight-headed hydra is heavily wounded.
You block the eight-headed hydra's attack.
The eight-headed hydra bites you. The eight-headed hydra bites you!
The eight-headed hydra bites you but does no damage.
You block the eight-headed hydra's attack.
The eight-headed hydra completely misses you.
The eight-headed hydra bites you!
* * * LOW HITPOINT WARNING * * *
The eight-headed hydra bites you but does no damage.
You hit the eight-headed hydra.
The eight-headed hydra is severely wounded.
You block the eight-headed hydra's attack.
The eight-headed hydra bites you but does no damage.
You block the eight-headed hydra's attack.
The eight-headed hydra bites you but does no damage. x4
The eight-headed hydra bites you.
* * * LOW HITPOINT WARNING * * *
Press: ? - help, v - describe, . - travel
Here: an eight-headed hydra (severely wounded)
The floor, spattered with blood.
Unknown command.
You hit the eight-headed hydra.
The eight-headed hydra is severely wounded.
Unknown command.
You puncture the eight-headed hydra!
The eight-headed hydra is almost dead.
You block the eight-headed hydra's attack.
The eight-headed hydra bites you but does no damage. x2
The eight-headed hydra bites you!
* * * LOW HITPOINT WARNING * * *
You block the eight-headed hydra's attack.
The eight-headed hydra bites you!
You die...

.........###.#
............##
.............#####
..............##.#
................####
..#.##...........#.##
.P######..........#.#
.## #.##...^.....##
.# ####......@...#
.## #.#.....D...###
..## ####[.........#
.#.# ##.........##
..## ###.......P#
..P## ##......##
....# #.......#
....#### #.......##
.....P.# #........##


You could see an eight-headed hydra.

Vanquished Creatures
  A hydra (Lair:3)
  Urug (Lair:1)
  Sonja (Lair:2)
  2 skeletal warriors (Volcano)
  Pikel (D:5)
  2 anaconda skeletons (Volcano)
  A black mamba (Lair:3)
  A torpor snail (Lair:3)
  Joseph (D:9)
  3 cane toads
  5 gargoyles (Volcano)
  An unseen horror (D:8)
  A rime drake (Lair:3)
  3 komodo dragons
  A polar bear (Lair:2)
  Prince Ribbit (Lair:1)
  A harpy skeleton (Volcano)
  7 blink frogs (Lair:1)
  A jumping spider (Lair:3)
  2 flying skulls (Volcano)
  A culicivora (Lair:3)
  An alligator skeleton (Volcano)
  14 yaks
  4 wyverns
  3 basilisks
  A steam dragon (D:7)
  Grum (D:7)
  An acid dragon (D:7)
  10 water moccasins
  3 necrophages
  An ice beast (D:5)
  A sky beast (D:5)
  A hornet zombie (D:8)
  3 black bears
  An ogre (D:5)
  10 wolves
  2 centaurs (D:9)
  2 lemures (D:5)
  A kobold brigand (D:7)
  3 elf zombies (Ossuary)
  4 bullfrogs
  3 scorpions
  A water moccasin zombie (D:6)
  A wyvern zombie (D:7)
  A water moccasin skeleton (D:4)
  15 killer bees
  2 troll skeletons (Volcano)
  2 spriggan skeletons (Volcano)
  10 wights
  2 howler monkeys
  4 centaur zombies
  2 bullfrog zombies
  3 bullfrog skeletons
  11 hounds
  3 gnoll shamans (D:7)
  An orc priest (D:8)
  4 iguanas
  3 orc wizards (D:8)
  A killer bee zombie (D:8)
  3 naga skeletons (Volcano)
  3 hound zombies (Ossuary)
  A hound skeleton (D:4)
  4 mummies (Ossuary)
  Robin (D:4)
  9 gnolls
  4 adders
  A shadow imp (D:8)
  2 white imps
  An adder skeleton (D:5)
  2 worms
  A dart slug (D:4)
  21 orcs
  4 ball pythons
  4 bats
  2 endoplasms
  6 giant cockroaches
  21 goblins
  10 hobgoblins
  6 jackals
  10 kobolds
  2 quokkas
  3 frilled lizards
  2 hobgoblin zombies (Ossuary)
  3 kobold zombies (Ossuary)
  4 rats
  A rat zombie (Ossuary)
305 creatures vanquished.

Vanquished Creatures (others)
  A flying skull (Volcano)
  18 fungi
  21 plants
40 creatures vanquished.

Grand Total: 345 creatures vanquished

Notes
Turn   | Place    | Note
-------+----------+-------------------------------------------
     0 | D:1      | Banquo the Gargoyle Fighter began the quest for the Orb.
     0 | D:1      | Reached XP level 1. HP: 14/14 MP: 1/1
   111 | D:1      | Reached XP level 2. HP: 18/19 MP: 2/2
   638 | D:1      | Reached XP level 3. HP: 23/23 MP: 3/3
  1108 | D:2      | Noticed a black bear
  1118 | D:2      | Killed a black bear
  1119 | D:2      | Reached XP level 4. HP: 5/28 MP: 4/4
  1119 | D:2      | Reached XP level 5. HP: 6/32 MP: 5/5
  1405 | D:2      | Found a faded altar of an unknown god.
  1782 | D:3      | Found a shimmering altar of Xom.
  2464 | D:4      | Reached skill level 5 in Axes
  2610 | D:4      | Noticed Robin
  2649 | D:4      | Killed Robin
  3003 | D:4      | Reached XP level 6. HP: 32/37 MP: 6/6
  3109 | D:4      | Found a sparkling altar of Nemelex Xobeh.
  3704 | D:4      | Reached XP level 7. HP: 30/41 MP: 7/7
  4121 | D:5      | Entered Level 5 of the Dungeon
  4136 | D:5      | Noticed Pikel
  4588 | D:5      | Found a glowing silver altar of Zin.
  4691 | D:5      | Found a radiant altar of Vehumet.
  4718 | D:5      | Reached XP level 8. HP: 48/48 MP: 8/8
  4761 | D:5      | Identified the +7 spear "Diysur" {vorpal, Will++ Stlth+}
  4784 | D:5      | Found a bloodstained altar of Trog.
  4816 | D:5      | Killed Pikel
  4817 | D:5      | Reached skill level 5 in Armour
  5244 | D:6      | Reached XP level 9. HP: 53/53 MP: 9/9
  5294 | D:6      | Found a staircase to the Ecumenical Temple.
  5317 | Temple   | Entered the Ecumenical Temple
  5546 | Temple   | Became a worshipper of the Wu Jian Council
  5609 | D:6      | Reached skill level 5 in Fighting
  5683 | D:6      | Found Kuomust's General Store.
  5686 | D:6      | Found Piusyr's Distillery.
  5697 | D:6      | Reached skill level 5 in Shields
  5699 | D:6      | Found Utoytic's Assorted Antiques.
  5700 | D:6      | Found Ucopuwess's Armour Shoppe.
  5716 | D:6      | Bought an ancient bone ring for 125 gold pieces
  5716 | D:6      | Identified the ring "Xiuckiv" {Fire rPois Will+} (You
                  | bought it in a shop on level 6 of the Dungeon)
  5928 | D:6      | Reached skill level 1 in Polearms
  6349 | D:7      | Found a shadowy altar of Dithmenos.
  6541 | D:7      | Found a shimmering blue altar of Sif Muna.
  6777 | D:7      | Reached * piety under Wu Jian
  6930 | D:7      | Noticed Grum
  6970 | D:7      | Killed Grum
  7314 | D:7      | Reached skill level 5 in Polearms
  7612 | D:8      | Reached XP level 10. HP: 55/60 MP: 10/10
  7639 | D:8      | Found a sacrificial altar of Ru.
  7704 | D:8      | Found a sand-covered staircase.
  7744 | Ossuary  | Entered an ossuary
  8092 | D:8      | Reached ** piety under Wu Jian
  8097 | D:8      | Identified the +7 trident "Xicuod Feocw" {vorpal, rF- rC+
                  | rN+ rCorr}
  8197 | D:8      | Found a white marble altar of Elyvilon.
  8239 | D:8      | Killed an unseen horror
  8240 | D:8      | Reached skill level 1 in Dodging
  8459 | D:8      | Found a glowing golden altar of the Shining One.
  8543 | D:8      | Noticed an ice statue
  8924 | D:9      | Found a faded altar of an unknown god.
  8924 | D:9      | Found a faded altar of an unknown god.
  8924 | D:9      | Found a faded altar of an unknown god.
  8926 | D:9      | Found a hazy altar of Hepliaklqana.
  9090 | D:9      | Found a stormy altar of Qazlal.
  9465 | D:9      | Noticed Joseph
  9805 | D:9      | Found a staircase to the Lair.
  9932 | Lair:1   | Entered Level 1 of the Lair of Beasts
  9939 | Lair:1   | Noticed Gastronok
  9960 | D:9      | Reached *** piety under Wu Jian
 10013 | D:9      | Reached XP level 11. HP: 50/67 MP: 11/11
 10191 | D:9      | Killed Joseph
 10583 | D:9      | Found a stormy altar of Qazlal.
 10692 | D:9      | Found a faded altar of an unknown god.
 10692 | D:9      | Found a faded altar of an unknown god.
 10692 | D:9      | Found a faded altar of an unknown god.
 10694 | D:9      | Found a hazy altar of Hepliaklqana.
 11203 | Lair:1   | Noticed Prince Ribbit
 11232 | Lair:1   | Killed Prince Ribbit
 11513 | Lair:1   | Noticed Urug
 11549 | Lair:1   | Killed Urug
 12058 | Lair:2   | Found a dark tunnel.
 12158 | Volcano  | Entered a volcano
 12443 | Volcano  | Reached XP level 12. HP: 58/75 MP: 12/12
 12448 | Volcano  | Reached **** piety under Wu Jian
 12813 | Volcano  | Reached skill level 10 in Polearms
 14015 | Lair:2   | Noticed Sonja
 14054 | Lair:2   | Killed Sonja
 14246 | Lair:2   | Reached skill level 10 in Armour
 14886 | D:6      | Bought the +0 kite shield of Servitude {Drain +Blink Will+
                  | Stlth+} for 298 gold pieces
 15085 | Lair:3   | Found a hole to the Spider Nest.
 15347 | Lair:3   | Noticed a four-headed hydra
 15369 | Lair:3   | Killed a four-headed hydra
 16064 | Lair:4   | Noticed a four-headed hydra
 16114 | Lair:4   | Noticed an eight-headed hydra
 16126 | Lair:3   | Slain by an eight-headed hydra

Illustrated notes

Levels and vault maps discovered:
D:1:      dpeg_arrival_simpleton_a, layout_basic, minmay_misc_feat_hallway,
          minmay_strange_pillars, minmay_cut_off
D:2:      layout_loops_ring, shapermc_ecumenical_altar_mp_urbaneastern,
          serial_glass, glass_columns_b, glass_columns_a
D:3:      layout_loops_ring, xom_teletrap_fun, grunt_ministairs_11
D:4:      layout_loops_corners, lemuel_crystal_altar, minmay_manual_mess,
          uniq_robin
D:5:      layout_rooms, mainiacjoe_overflow_boulevard, trog_book,
          mainiacjoe_overflow_chevrons, uniq_pikel
D:6:      layout_layer_cave, minmay_temple_entry_glassed_door, nrook_campfire,
          minmay_misc_feat_tiny, minmay_shop_grid_forest,
          minmay_misc_feat_more_columns
D:7:      layout_cave_pools, nicolae_dithmenos_through_a_glass_darkly,
          nicolae_overflow_crystal_walls, serial_gnoll_camp,
          gnoll_camp_mini_house, gnoll_camp_mini_doghouse, grums_kennel,
          gnoll_camp_mini_hut
D:8:      lemuel_ice_statue, layout_loops_ring, nicolae_ru_sacrificial_ziggurat,
          elyvilon_altar_1, mainiacjoe_overflow_surrounded_room,
          nicolae_ossuary_entry_false_entrances, minmay_microvault
D:9:      layout_rooms, nicolae_hepliaklqana_ecumenical_no_more,
          nicolae_qazlal_style_of_elements, dpeg_oklobed_lair, uniq_joseph
Temple:   jpeg_temple_alley_garden
Lair:1:   layout_misc_corridors, lemuel_fruit_tree, uniq_gastronok, uniq_urug,
          uniq_prince_ribbit2
Lair:2:   layout_concentric_octagons, lightli_volcano_entry_magma_tube,
          uniq_sonja
Lair:3:   layout_hall_layers, spider_nest_entry_funnel_web
Lair:4:   layout_cave_pods, minmay_shoals_entry_beasts, minmay_holes,
          infiniplex_staircase_pool_2, grunt_megastairs_3

Skill      XL: |  1  2  3  4  5  6  7  8  9 10 11 12 |
---------------+-------------------------------------+-----
Axes           | 2 3 4 5 6 7 8 |  8.6
Armour         | 4 5 6 7 9 10 | 10.3
Fighting       | 4 6 7 8 9 |  9.5
Shields        | 4 5 6 7 8 |  8.7
Polearms       | 5 7 9 10 | 10.9
Dodging        | 2 3 4 |  4.2

Action                   |  1- 3 |  4- 6 |  7- 9 | 10-12 || total
-------------------------+-------+-------+-------+-------++-------
Melee: War axe           |    92 |   182 |    99 |       ||   373
       Spear             |       |       |   264 |   976 ||  1240
Throw: Stone             |       |       |     2 |       ||     2
Invok: Whirlwind         |       |       |    13 |    42 ||    55
       Lunge             |       |       |    12 |    55 ||    67
 Abil: Wall Jump         |       |       |       |     5 ||     5
  Use: Scroll            |       |       |    15 |     7 ||    22
       Potion            |       |       |       |     8 ||     8
Armor: Scale mail        |    63 |    75 |       |       ||   138
       Plate armour      |       |    26 |   209 |   441 ||   676
Dodge: Dodged            |    76 |    64 |    62 |   165 ||   367
Block: Buckler           |    25 |    45 |    79 |   166 ||   315
       Kite shield       |       |       |       |    33 ||    33
